 Dungeon Crawl Stone Soup version 0.19.4-8-ga85b6b9 (webtiles) character file.

89 empire the Digger (level 4, -3/26 HPs)
             Began as a Gargoyle Earth Elementalist on Feb 10, 2017.
             Slain by Terence
             ... wielding a +1 short sword of draining
              (4 damage)
             ... on level 2 of the Dungeon.
             The game lasted 00:07:29 (1942 turns).

empire the Digger (Gargoyle Earth Elementalist)     Turns: 1942, Time: 00:07:30

Health: -3/26      AC:  7    Str: 12    XL:     4   Next: 55%
Magic:  0/8        EV: 11    Int: 16    God:
Gold:   60         SH:  0    Dex: 10    Spells: 3 memorised, 2 levels left

rFire  . . .     SeeInvis .     a - +0 club
rCold  . . .     Gourm    .     p - +0 leather armour
rNeg   + . .     Faith    .     (no shield)
rPois  ∞         Spirit   .     f - +0 helmet
rElec  +         Reflect  .     (no cloak)
rCorr  .         Harm     .     (no gloves)
MR     .....                    (no boots)
Stlth  ++........               (no amulet)
                                (no ring)
                                (no ring)

@: no status effects
A: negative energy resistance 1, electricity resistance, unbreathing,
petrification resistance, rot immunity, AC +3
a: no special abilities


You were on level 2 of the Dungeon.
You were hungry.

You visited 1 branch of the dungeon, and saw 2 of its levels.

You collected 60 gold pieces.

Inventory:

Hand Weapons
 a - a +0 club (weapon)
 c - a +0 trident
 k - a +0 dagger
 l - a +0 whip
Missiles
 b - 75 stones (quivered)
Armour
 f - a +0 helmet (worn)
 p - a +0 leather armour (worn)
 r - a +0 chain mail
 s - a +0 ring mail
Scrolls
 h - 2 scrolls of remove curse {unknown}
 j - a scroll of identify {unknown}
 n - a scroll of magic mapping {unknown}
 o - 2 scrolls of teleportation
 q - a scroll of blinking {unknown}
Books
 e - a book of Geomancy

   Spells                             Type                      Level
   a - Sandblast                      Earth                        1
   b - Passwall                       Transmutation/Earth          2
   c - Stone Arrow                    Conjuration/Earth            3
   d - Petrify                        Transmutation/Earth          4
   e - Lee's Rapid Deconstruction     Earth                        5
Comestibles
 d - 2 bread rations
 g - 7 chunks of flesh
 i - a meat ration


   Skills:
 - Level 2.1 Fighting
 + Level 0.9 Armour
 - Level 1.5 Dodging
 - Level 2.1 Stealth
 + Level 2.7 Spellcasting
 + Level 0.4 Conjurations
 + Level 1.2 Transmutations
 + Level 4.3 Earth Magic


You had 2 spell levels left.
You knew the following spells:

 Your Spells              Type           Power        Failure   Level  Hunger
a - Sandblast             Erth           ###...       4%          1    #......
b - Passwall              Tmut/Erth      ##........   12%         2    ##.....
c - Stone Arrow           Conj/Erth      #.....       28%         3    ###....


Dungeon Overview and Level Annotations

Branches:
Dungeon (2/15)

Altars:

Annotations:
D:2 Natasha, Terence


Innate Abilities, Weirdness & Mutations

You are resistant to torment.
Your stone body is resilient. (AC +3)
You are immune to poison.
You resist negative energy. (rN+)
You are resistant to electric shocks. (rElec)
You can survive without breathing.
You are immune to petrification.
You are immune to rotting.


Message History

Terence hits you but does no damage.
You aren't carrying any potions.
Unknown command.
You barely miss Terence.
Terence is heavily wounded.
Terence hits you with a short sword of draining.
* * * LOW HITPOINT WARNING * * *
You hit Terence but do no damage.
Terence is heavily wounded.
Terence hits you with a short sword of draining.
* * * LOW HITPOINT WARNING * * *
Casting: Sandblast
Confirm with . or Enter, or press ? or * to list all spells.
Aiming: Sandblast
Press: ? - help, Shift-Dir - straight line, f/p - Terence
Aim: Terence, wielding a short sword of draining, wearing a ring mail and carrying a wand of teleportation {empty} (heavily wounded)
The blast of sand hits Terence.
Terence is heavily wounded.
Terence hits you with a short sword of draining.
You die...

################
#........@@....#
#######.############.#
......#.##.........#.#
........##.........#.#
........##.........#.#
........##.........#.#
###.+##.##.........#.#
# #.g#...'.........#.#
# # #..##.........#.#


You could see Terence.

Vanquished Creatures
  Natasha (D:2)
  An adder (D:2)
  An ooze (D:2)
  2 dart slugs (D:1)
  A leopard gecko (D:1)
  8 bats
  A giant cockroach (D:1)
  8 goblins
  6 hobgoblins
  2 jackals (D:1)
  2 ball pythons
  5 frilled lizards (D:1)
  3 kobolds (D:1)
  3 rats
44 creatures vanquished.

Notes
Turn   | Place    | Note
-------+----------+-------------------------------------------
     0 | D:1      | empire the Gargoyle Earth Elementalist began the quest for the Orb.
     0 | D:1      | Reached XP level 1. HP: 10/10 MP: 3/3
    50 | D:1      | Reached XP level 2. HP: 4/16 MP: 0/5
    75 | D:1      | Reached skill level 4 in Earth Magic
   385 | D:1      | Reached skill level 1 in Fighting
   824 | D:1      | Reached XP level 3. HP: 20/20 MP: 6/6
  1095 | D:1      | Learned a level 2 spell: Passwall
  1099 | D:1      | Learned a level 3 spell: Stone Arrow
  1464 | D:2      | Noticed Natasha
  1486 | D:2      | Killed Natasha
  1486 | D:2      | Reached skill level 1 in Transmutations
  1486 | D:2      | Reached XP level 4. HP: 11/26 MP: 0/7
  1540 | D:2      | Noticed Natasha
  1838 | D:2      | Noticed Terence
  1856 | D:2      | HP: 1/26 [Terence/short sword of draining (2)]
  1941 | D:2      | HP: 1/26 [Terence/short sword of draining (4)]
  1942 | D:2      | Slain by Terence

Skill      XL: |  1  2  3 |
---------------+----------+-----
Earth Magic    | 4 |  4.3
Fighting       | 1 2 |  2.1
Transmutations | 1 |  1.2
Armour         | |  0.9
Dodging        | |  1.5
Stealth        | |  2.1
Spellcasting   | |  2.7
Conjurations   | |  0.4

Action                   |  1- 3 |  4- 6 || total
-------------------------+-------+-------++-------
Melee: Club              |    90 |    18 ||   108
 Cast: Sandblast         |    52 |    29 ||    81
  Use: Potion            |     4 |     1 ||     5
       Scroll            |       |     1 ||     1
 Stab: Sleeping          |     2 |       ||     2
  Eat: Chunk             |     3 |     1 ||     4
Armor: Robe              |    50 |       ||    50
       Leather armour    |     8 |    32 ||    40
Dodge: Dodged            |   117 |    29 ||   146
